 Dungeon Crawl Stone Soup version 0.27.1-2-g3b301248ec (webtiles) character file.

Game seed: 16404150286275873410

2258 Araneus the Basher (level 9, 0/63 HPs)
             Began as a Demonspawn Fighter on Sept 29, 2021.
             Was an Initiate of Qazlal.
             Shot with a sling bullet by Joseph (7 damage)
             ... on level 7 of the Dungeon.
             The game lasted 00:16:17 (8102 turns).

Araneus the Basher (Demonspawn Fighter)             Turns: 8102, Time: 00:16:18

Health: 0/63       AC: 11    Str: 19    XL:     9   Next: 15%
Magic:  9/9        EV:  7    Int: 17    God:    Qazlal [......]
Gold:   271        SH: 14    Dex: 10    Spells: 8/8 levels left

rFire    + + .     SeeInvis .   a - +0 flail
rCold    x . .     Faith    .   c - +0 kite shield
rNeg     . . .     Spirit   .   q - +0 fire dragon scales
rPois    +         Reflect  .   (no helmet)
rElec    .         Harm     .   (no cloak)
rCorr    .         Rampage  .   s - +1 pair of gloves of Past Mistakes {rPois Int+6}
Will     .....                  (no boots)
Stlth    ..........             (no amulet)
HPRegen  0.20/turn              (no ring)
MPRegen  0.11/turn              (no ring)

@: about to teleport
A: spiny 3, condensation shield, clumsy 1
a: Renounce Religion


You were on level 7 of the Dungeon.
You worshipped Qazlal.
Qazlal was noncommittal.
You visited 2 branches of the dungeon, and saw 8 of its levels.
You also visited: Sewer.

You collected 271 gold pieces.

Inventory:

Hand Weapons
 a - a +0 flail (weapon)
Armour
 c - a +0 kite shield (worn)
 q - +0 fire dragon scales (worn)
 s - the +1 pair of gloves of Past Mistakes (worn) {rPois Int+6}
   (You found it on level 5 of the Dungeon)

   Int:       It affects your intelligence (+6).
   rPois:     It protects you from poison.
Jewellery
 e - a ring of wizardry
Wands
 t - a wand of digging (3)
Scrolls
 b - 2 scrolls of enchant armour {unknown}
 d - a scroll of holy word
 i - a scroll of identify
 j - 3 scrolls of teleportation
Potions
 f - a potion of lignification {unknown}
 g - 5 potions of attraction
 h - 2 potions of flight
 m - a potion of brilliance {unknown}
 n - a potion of mutation
 r - a potion of might
 u - a potion of curing


   Skills:
 - Level 3.0 Fighting
 + Level 8.9 Maces & Flails
 - Level 2.6 Armour
 + Level 7.6 Shields


You had 8 spell levels left.
You didn't know any spells.
Your spell library contained the following spells:

 Spells                   Type           Power      Damage    Failure   Level
 Portal Projectile        Hex/Tloc       0%         N/A       100%        3
 Blade Hands              Tmut           0%         N/A       100%        5
 Excruciating Wounds      Necr           0%         N/A       100%        5


Dungeon Overview and Level Annotations

Branches:
Dungeon (7/15)             Temple (1/1) D:7           Sewer (visited)

Altars:
Ashenzari
Cheibriados
Dithmenos
Elyvilon
Gozag
Hepliaklqana
Kikubaaqudgha
Makhleb
Nemelex Xobeh
Qazlal
Sif Muna
Trog
Uskayaw
Vehumet
Wu Jian
Xom
Yredelemnul
Zin
The Shining One

Shops:
D:3 =

Annotations:
D:7 Joseph


Innate Abilities, Weirdness & Mutations

You are completely covered in sharp spines.
A meltable shield of frost defends you. (SH +4)
You are clumsy. (Dex -2)


Message History

Joseph, a Mercenary comes into view.
He is wielding a +0 quarterstaff.
The gnoll sergeant completely misses you.
Joseph shouts!
You hit the gnoll.
You kill the gnoll!
Qazlal accepts your kill.
You hear a shout!
Joseph unwields a +0 quarterstaff.
Joseph wields a +0 hunting sling.
Joseph shoots a sling bullet.
You block the sling bullet.
A gnoll comes into view. It is wielding a +0 whip.
You block the gnoll sergeant's attack.
You hear a shout!
A gnoll comes into view. It is wielding a +0 whip.
The gnoll shouts!
You block the gnoll sergeant's attack.
Things that are here:
a +0 club; a +0 flail You barely miss the gnoll sergeant.
You block the gnoll's attack. You block the gnoll sergeant's attack.
You sock the gnoll sergeant!
The gnoll sergeant is moderately wounded.
You block the gnoll's attack.
The gnoll sergeant hits you with a +0 trident!
* * * LOW HITPOINT WARNING * * *
As you read the scroll of teleportation, it crumbles to dust.
You feel strangely unstable. You block the gnoll's attack.
Joseph shoots a sling bullet.
You block the sling bullet.
The gnoll sergeant hits you with a +0 trident!
* * * LOW HITPOINT WARNING * * *
A water moccasin comes into view.
The water moccasin hisses angrily.
Joseph shoots a sling bullet.
You block the sling bullet.
The gnoll sergeant hits you from afar with a +0 trident.
* * * LOW HITPOINT WARNING * * *
You feel better.
The gnoll sergeant hits you from afar with a +0 trident.
* * * LOW HITPOINT WARNING * * *
The gnoll throws a throwing net.
You block the throwing net.
Joseph shoots a sling bullet.
The sling bullet hits you!
You die...

#.#.# #..#..⌠.⌠...#
#####.#.# #....8.>.8..#
.......# ##.#..⌠.⌠...#
#...######.#.8.8.8..#
###.......##..........#
#....$..#.#....########
#>......#.#.#.##
###.......#.#.#.#
...S@...@.......#
####.g.#####.### ###g#
#.# ......g.# #..
######... ...# #####
####


You could see Joseph, a water moccasin, a gnoll sergeant and 2 gnolls.

Vanquished Creatures
  Prince Ribbit (D:5)
  A steam dragon (D:6)
  A water moccasin (D:6)
  A sky beast (D:7)
  2 ice beasts
  2 necrophages
  2 ogres
  A centaur (D:6)
  A phantom (D:6)
  2 kobold brigands (D:6)
  3 bullfrogs
  2 scorpions (D:5)
  A bullfrog zombie (D:6)
  A hound (D:6)
  A jelly (D:5)
  Natasha (thrice) (D:2)
  An iguana (D:5)
  An orc wizard (D:6)
  10 gnolls
  13 adders
  2 river rats (D:6)
  A white imp (D:6)
  3 ufetubi (D:6)
  5 worms
  6 orcs
  9 ball pythons
  21 endoplasms
  13 giant cockroaches
  6 goblins
  4 hobgoblins
  15 kobolds
  12 quokkas
  6 bats
  10 frilled lizards
  8 rats
171 creatures vanquished.

Vanquished Creatures (others)
  3 plants (D:7)
3 creatures vanquished.

Grand Total: 174 creatures vanquished

Notes
Turn   | Place    | Note
-------+----------+-------------------------------------------
     0 | D:1      | Araneus the Demonspawn Fighter began the quest for the Orb.
     0 | D:1      | Reached XP level 1. HP: 18/18 MP: 1/1
    84 | D:1      | Reached skill level 2 in Maces & Flails
   334 | D:1      | Gained mutation: You are partially covered in sharp spines.
                  | [demonic ancestry]
   334 | D:1      | Reached XP level 2. HP: 24/24 MP: 2/2
   484 | D:1      | Found a faded altar of an unknown god.
  1073 | D:2      | Noticed Natasha
  1083 | D:2      | Killed Natasha
  1084 | D:2      | Gained mutation: You are mostly covered in sharp spines.
                  | [demonic ancestry]
  1084 | D:2      | Reached XP level 3. HP: 3/29 MP: 3/3
  1389 | D:2      | Reached skill level 3 in Maces & Flails
  1391 | D:2      | Noticed an ogre
  1396 | D:2      | Killed an ogre
  1397 | D:2      | Reached XP level 4. HP: 20/35 MP: 4/4
  1599 | D:2      | Noticed Natasha
  1617 | D:2      | Killed Natasha
  1618 | D:2      | Reached skill level 4 in Maces & Flails
  1618 | D:2      | Gained mutation: You are completely covered in sharp
                  | spines. [demonic ancestry]
  1618 | D:2      | Reached XP level 5. HP: 17/41 MP: 5/5
  2261 | D:2      | Noticed Natasha
  2271 | D:2      | Killed Natasha
  2857 | D:3      | Gained mutation: A meltable shield of frost defends you.
                  | (SH +4) [demonic ancestry]
  2857 | D:3      | Reached XP level 6. HP: 31/47 MP: 6/6
  2870 | D:3      | Reached skill level 5 in Maces & Flails
  3245 | D:3      | Found Rogetik's Jewellery Shoppe.
  3697 | D:3      | Found a burning altar of Makhleb.
  3823 | D:4      | Noticed an ice beast
  3831 | D:4      | Killed an ice beast
  4586 | D:5      | Entered Level 5 of the Dungeon
  4839 | D:5      | Reached XP level 7. HP: 19/52 MP: 7/7
  5078 | D:5      | Noticed Prince Ribbit
  5094 | D:5      | Killed Prince Ribbit
  5095 | D:5      | Reached skill level 6 in Maces & Flails
  5095 | D:5      | Reached skill level 5 in Shields
  5543 | D:5      | Identified the +1 pair of gloves of Past Mistakes {rPois
                  | Int+6}
  5880 | D:5      | Found an ornate altar of the Wu Jian Council.
  6193 | D:6      | Noticed a steam dragon
  6200 | D:6      | Gained mutation: You are clumsy. (Dex -2) [potion of
                  | mutation]
  6208 | D:6      | Killed a steam dragon
  6209 | D:6      | Reached XP level 8. HP: 26/58 MP: 8/8
  6225 | D:6      | Reached skill level 7 in Maces & Flails
  6684 | D:6      | Reached skill level 8 in Maces & Flails
  6818 | D:6      | Found a glowing drain.
  6829 | Sewer    | Entered a sewer
  7281 | Sewer    | Reached XP level 9. HP: 42/63 MP: 9/9
  7799 | D:7      | Found a staircase to the Ecumenical Temple.
  7811 | Temple   | Entered the Ecumenical Temple
  7965 | Temple   | Became a worshipper of Qazlal Stormbringer
  8094 | D:7      | Noticed Joseph
  8100 | D:7      | HP: 2/63 [gnoll sergeant (3)]
  8102 | D:7      | Shot with a sling bullet by Joseph

Illustrated notes

Levels and vault maps discovered:
D:1:      minmay_arrival_three_doors, layout_basic,
          shapermc_ecumenical_altar_ellora
D:2:      layout_loops_ring, st_stairs_6, uniq_natasha
D:3:      layout_basic, lemuel_tele_altar, serial_shops, nicolae_lakefront_shop,
          minmay_box_of_dots
D:4:      layout_basic, grunt_decor_junction
D:5:      layout_layer_cave, mainiacjoe_overflow_surrounded_room,
          mainiacjoe_overflow_tiny_flanked, uniq_prince_ribbit1
D:6:      layout_rooms, portal_sewer_entry_e, minmay_splitting_lines, hex_tiny
D:7:      layout_loops_ring, minmay_temple_entry_statues_fountains,
          gammafunk_ghost_gnarly_gnolls, minmay_tree_intersection, uniq_joseph
Temple:   nicolae_temple_elliptical

Skill      XL: |  1  2  3  4  5  6  7  8 |
---------------+-------------------------+-----
Maces & Flails | 2 3 4 5 6 8 |  8.9
Shields        | 3 4 6 7 |  7.6
Fighting       | |  3.0
Armour         | |  2.6

Action                   |  1- 3 |  4- 6 |  7- 9 || total
-------------------------+-------+-------+-------++-------
Melee: Flail             |    41 |   140 |   230 ||   411
  Use: Potion            |     2 |     1 |     8 ||    11
       Scroll            |       |       |     9 ||     9
Armor: Scale mail        |     7 |    22 |       ||    29
       Fire dragon scale |       |    11 |    76 ||    87
Dodge: Dodged            |     5 |    25 |    49 ||    79
Block: Kite shield       |    16 |    97 |   185 ||   298
